Connexion

Admirals vs IceHogs

Created - 11 mars 2024 at 08:38

Goals
1 2 3 T
Admirals 1 2 0 3
IceHogs 1 3 1 5
Shots
1 2 3 T
Admirals 14 13 5 32
IceHogs 12 11 12 35

GoalsPenalties
1st period
1. IceHogs , Danny O'Regan 35 (Cameron Gaunce 49, Jean-Sébastien Dea 67) at 1:56 (PP)
2. Admirals , David Kampf 17 (Kevin Stenlund 39, CJ Suess 36) at 8:07
Nick Ebert (MIL) for Roughing (Minor) at 0:41
Dennis Cholowski (RCK) for Interference (Minor) at 19:02
Joseph Cramarossa (MIL) for Roughing (Minor) at 19:02
2nd period
3. Admirals , Oskar Steen 21 (Mike Reilly 28, Cam Dineen 33) at 0:08
4. Admirals , Cam Dineen 5 (William Bitten 33, Oskar Steen 39) at 5:04 (PP)
5. IceHogs , Charles Hudon 32 (Riley Sheahan 45) at 5:29
6. IceHogs , Mikhail Vorobyov 11 (Zack O'Brien 13, Erik Cernak 39) at 5:45
7. IceHogs , Brendan Gaunce 20 (Erik Cernak 40, Cameron Gaunce 50) at 10:42
Brendan Gaunce (RCK) for Tripping (Minor) at 4:43
Mike Reilly (MIL) for Cross-checking (Minor) at 7:07
Charles Hudon (RCK) for Cross-checking (Minor) at 11:14
Kevin Stenlund (MIL) for Tripping (Minor) at 15:11
Jack Dougherty (RCK) for High sticking (Minor) at 17:44
David Kampf (MIL) for Tripping (Minor) at 17:44
3rd period
8. IceHogs , Danny O'Regan 36 (Cedric Paquette 26, Cameron Gaunce 51) at 19:30 (Empty Net)
No Penalty
Goalie Stats
Michael McNiven (MIL), 30 saves from 34 shots - (0,882), L, 17-18-3, 59:31 minutes
Christopher Gibson (RCK), 29 saves from 32 shots - (0,906), W, 40-24-3, 60:00 minutes
3 StarsOfficial
1 - Danny O'Regan (RCK)
2 - Cameron Gaunce (RCK)
3 - Erik Cernak (RCK)
Referees : Dean Morton and Brad Watson
Linesman : Michel Cormier and Brian Murphy
Game Note
Danny O'Regan has scored in a empty net!
Finance
Level 1 -- Attendance: 1937 (96,85%) -- Ticket Income $67,795
Level 2 -- Attendance: 1000 (100,00%) -- Ticket Income $15,000
Total Attendance: 2937 (97,90%)
Total Ticket Income: $82,795
Other Income: $16,559
Total Income: $99,354



Team Name Goals Shots Shots Attemp Shots Blocked PIM HIT PP PK FO%
Admirals 332661310221 / 2 (50%)143%
IceHogs 5357688161 / 3 (33%)157%

Admirals
Player Name POS G A P +/- PIM HIT SHT SB MP PP MP PP SHT PK MP PK SHT FO% FOT
Cam DineenD112-1013224:321:1313:0100% 0
CJ SuessLW0111014118:271:0700:0000% 0
David KampfC/RW1011203018:261:0700:00050% 2
Dominic TurgeonC000000000:220:0000:0000% 0
Garrett PilonC000-2001015:480:0001:01042% 12
Garrett WilsonLW000-1064123:281:1313:13050% 2
Guillaume BriseboisD0000000220:321:0702:1200% 0
Jeremy RoyD000-1001116:130:0001:1700% 0
John QuennevilleC000000000:000:0000:0000% 0
Joseph CramarossaC/LW000-2210014:460:0000:0000% 2
Kevin StenlundC0111242120:211:0700:59042% 19
Kristians RubinsD0000030020:321:0702:1200% 0
Mike ReillyD011-1222323:141:1321:4400% 0
Nick CousinsC/LW/RW000000001:190:0000:0000% 0
Nick EbertD000-1211014:550:0000:0000% 0
Oskar SteenC112-1015124:301:1303:53143% 35
Paul ThompsonRW000-2024114:470:0000:00050% 2
William BittenRW011-2002018:321:1301:20050% 8
IceHogs
Player Name POS G A P +/- PIM HIT SHT SB MP PP MP PP SHT PK MP PK SHT FO% FOT
Andrew SturtzRW0000000010:370:0000:0000% 0
Brady VailC000000000:100:0000:0000% 0
Brandon GignacC000000002:310:0000:0000% 0
Brandon HickeyD0000021220:502:2011:0900% 0
Brendan GaunceC/LW1010222110:560:0000:20067% 9
Cameron Gaunce D0332010125:022:5301:1100% 0
Cedric PaquetteC/LW0111002012:393:0200:41067% 6
Charles HudonLW/RW1011213020:342:1100:0000% 1
Colton SceviourC/LW/RW0001014020:352:1100:0000% 2
Danny O'ReganC/RW2021006024:233:0211:290100% 1
Dennis CholowskiD0000211020:252:2001:0900% 0
Erik CernakD0222020125:022:5301:1100% 0
Frederic AllardD0000000114:320:0000:0000% 0
Jack DoughertyD0000200014:070:0000:0000% 0
Jean-Sébastien DeaC/RW0110028025:463:0201:29052% 29
Mikhail VorobyovC1011002111:350:0000:00078% 9
Riley SheahanC0111023122:192:1100:41056% 25
Zack O'BrienC/RW0111023011:350:0000:0000% 0



Play-by-Play

1st period


0:01 of 1st period - Oskar Steen wins face-off versus Jean-Sébastien Dea in neutral zone.
0:11 of 1st period - Icing by Erik Cernak.
0:12 of 1st period - Jean-Sébastien Dea wins face-off versus Kevin Stenlund in IceHogs zone.
0:12 of 1st period - Jean-Sébastien Dea is hit by Kevin Stenlund.
0:38 of 1st period - Shot by Jean-Sébastien Dea.
0:38 of 1st period - Stopped by Michael McNiven without a rebound.
0:39 of 1st period - Riley Sheahan wins face-off versus Garrett Pilon in Admirals zone.
0:41 of 1st period - Minor Penalty to Nick Ebert for Roughing.
0:42 of 1st period - Oskar Steen wins face-off versus Riley Sheahan in Admirals zone.
0:48 of 1st period - Icing by Riley Sheahan.
0:49 of 1st period - Riley Sheahan wins face-off versus Oskar Steen in IceHogs zone.
1:00 of 1st period - Shot by Brandon Hickey.
1:00 of 1st period - Deflect By Charles Hudon.
1:00 of 1st period - Shot Blocked by Cam Dineen.
1:02 of 1st period - Shot by Brandon Hickey.
1:02 of 1st period - Stopped by Michael McNiven without a rebound.
1:03 of 1st period - William Bitten wins face-off versus Jean-Sébastien Dea in Admirals zone.
1:11 of 1st period - Icing by Erik Cernak.
1:12 of 1st period - Jean-Sébastien Dea wins face-off versus Oskar Steen in IceHogs zone.
1:12 of 1st period - Jean-Sébastien Dea is hit by Garrett Wilson.
1:20 of 1st period - Shot by Jean-Sébastien Dea.
1:20 of 1st period - Shot Misses the Net.
1:32 of 1st period - Icing by Erik Cernak.
1:33 of 1st period - Jean-Sébastien Dea wins face-off versus William Bitten in IceHogs zone.
1:56 of 1st period - Shot by Danny O'Regan.
1:56 of 1st period - Goal by Danny O'Regan - Admirals : 0 - IceHogs : 1.
1:57 of 1st period - Riley Sheahan wins face-off versus Garrett Pilon in neutral zone.
2:38 of 1st period - Shot by Colton Sceviour.
2:38 of 1st period - Shot Blocked by Jeremy Roy.
3:04 of 1st period - Shot by Mikhail Vorobyov.
3:04 of 1st period - Shot Misses the Net.
3:06 of 1st period - Shot by Danny O'Regan.
3:06 of 1st period - Shot Misses the Net.
3:08 of 1st period - Shot by Mikhail Vorobyov.
3:08 of 1st period - Stopped by Michael McNiven without a rebound.
3:09 of 1st period - Jean-Sébastien Dea wins face-off versus William Bitten in Admirals zone.
3:25 of 1st period - Shot by Garrett Wilson.
3:25 of 1st period - Shot Misses the Net.
3:32 of 1st period - William Bitten is hit by Erik Cernak and loses puck.
3:50 of 1st period - Shot by William Bitten.
3:50 of 1st period - Shot Blocked by Brendan Gaunce.
4:00 of 1st period - Shot by CJ Suess.
4:00 of 1st period - Stopped by Christopher Gibson with a rebound.
4:11 of 1st period - Jean-Sébastien Dea is hit by Kristians Rubins and loses puck.
4:34 of 1st period - Shot by Guillaume Brisebois.
4:34 of 1st period - Deflect By CJ Suess.
4:34 of 1st period - Stopped by Christopher Gibson with a rebound.
4:58 of 1st period - Shot by Riley Sheahan.
4:58 of 1st period - Stopped by Michael McNiven with a rebound.
5:00 of 1st period - Shot by Riley Sheahan.
5:00 of 1st period - Shot Blocked by Oskar Steen.
5:02 of 1st period - Shot by Colton Sceviour.
5:02 of 1st period - Stopped by Michael McNiven without a rebound.
5:03 of 1st period - Mikhail Vorobyov wins face-off versus Garrett Pilon in Admirals zone.
5:16 of 1st period - Shot by Garrett Pilon.
5:16 of 1st period - Stopped by Christopher Gibson with a rebound.
5:18 of 1st period - Shot by Joseph Cramarossa.
5:18 of 1st period - Shot Misses the Net.
5:20 of 1st period - Shot by Paul Thompson.
5:20 of 1st period - Stopped by Christopher Gibson without a rebound.
5:21 of 1st period - Riley Sheahan wins face-off versus Kevin Stenlund in IceHogs zone.
5:38 of 1st period - Riley Sheahan is hit by Kevin Stenlund and loses puck.
6:56 of 1st period - Shot by Oskar Steen.
6:56 of 1st period - Shot Misses the Net.
6:58 of 1st period - Shot by Cam Dineen.
6:58 of 1st period - Stopped by Christopher Gibson without a rebound.
6:59 of 1st period - Jean-Sébastien Dea wins face-off versus David Kampf in IceHogs zone.
7:11 of 1st period - Shot by Jean-Sébastien Dea.
7:11 of 1st period - Shot Misses the Net.
7:13 of 1st period - Shot by Jean-Sébastien Dea.
7:13 of 1st period - Shot Misses the Net.
7:15 of 1st period - Shot by Cedric Paquette.
7:15 of 1st period - Deflect By Jean-Sébastien Dea.
7:15 of 1st period - Shot Blocked by Kevin Stenlund.
7:17 of 1st period - Shot by Jean-Sébastien Dea.
7:17 of 1st period - Shot Misses the Net.
7:19 of 1st period - Shot by Cedric Paquette.
7:19 of 1st period - Stopped by Michael McNiven without a rebound.
7:20 of 1st period - Oskar Steen wins face-off versus Colton Sceviour in Admirals zone.
7:34 of 1st period - Riley Sheahan is hit by Kristians Rubins and loses puck.
7:43 of 1st period - Shot by Dennis Cholowski.
7:43 of 1st period - Stopped by Michael McNiven without a rebound.
7:44 of 1st period - Kevin Stenlund wins face-off versus Brendan Gaunce in Admirals zone.
8:05 of 1st period - Shot by Kevin Stenlund.
8:05 of 1st period - Shot Misses the Net.
8:07 of 1st period - Shot by Kevin Stenlund.
8:07 of 1st period - Deflect By David Kampf.
8:07 of 1st period - Goal by David Kampf - Admirals : 1 - IceHogs : 1.
8:08 of 1st period - Mikhail Vorobyov wins face-off versus Oskar Steen in neutral zone.
8:11 of 1st period - Shot by Danny O'Regan.
8:11 of 1st period - Stopped by Michael McNiven without a rebound.
8:12 of 1st period - Riley Sheahan wins face-off versus Oskar Steen in Admirals zone.
8:34 of 1st period - Oskar Steen is hit by Cameron Gaunce and loses puck.
8:39 of 1st period - Shot by Oskar Steen.
8:39 of 1st period - Stopped by Christopher Gibson without a rebound.
8:40 of 1st period - Jean-Sébastien Dea wins face-off versus Kevin Stenlund in IceHogs zone.
8:40 of 1st period - Jean-Sébastien Dea is hit by Kevin Stenlund.
8:55 of 1st period - Shot by Jean-Sébastien Dea.
8:55 of 1st period - Shot Hit the Post.
9:39 of 1st period - Shot by Oskar Steen.
9:39 of 1st period - Stopped by Christopher Gibson with a rebound.
9:45 of 1st period - Shot by Garrett Wilson.
9:45 of 1st period - Shot Misses the Net.
9:47 of 1st period - Shot by William Bitten.
9:47 of 1st period - Deflect By Oskar Steen.
9:47 of 1st period - Stopped by Christopher Gibson with a rebound.
11:20 of 1st period - Zack O'Brien is hit by Garrett Wilson and loses puck.
11:25 of 1st period - Frederic Allard is hit by Garrett Wilson.
12:23 of 1st period - Off-side.
12:24 of 1st period - Kevin Stenlund wins face-off versus Riley Sheahan in neutral zone.
12:37 of 1st period - Shot by Kevin Stenlund.
12:37 of 1st period - Stopped by Christopher Gibson with a rebound.
12:39 of 1st period - Shot by Jeremy Roy.
12:39 of 1st period - Shot Misses the Net.
13:01 of 1st period - Shot by Charles Hudon.
13:01 of 1st period - Stopped by Michael McNiven without a rebound.
13:02 of 1st period - Jean-Sébastien Dea wins face-off versus Garrett Pilon in Admirals zone.
13:09 of 1st period - Shot by Jean-Sébastien Dea.
13:09 of 1st period - Stopped by Michael McNiven without a rebound.
13:10 of 1st period - Brendan Gaunce wins face-off versus Garrett Pilon in Admirals zone.
13:15 of 1st period - Shot by Jean-Sébastien Dea.
13:15 of 1st period - Stopped by Michael McNiven with a rebound.
14:13 of 1st period - Shot by Nick Ebert.
14:13 of 1st period - Stopped by Christopher Gibson without a rebound.
14:14 of 1st period - Riley Sheahan wins face-off versus Oskar Steen in IceHogs zone.
14:35 of 1st period - Nick Ebert is hit by Riley Sheahan and loses puck.
14:55 of 1st period - Icing by Riley Sheahan.
14:56 of 1st period - Kevin Stenlund wins face-off versus Riley Sheahan in IceHogs zone.
15:39 of 1st period - Kevin Stenlund is hit by Dennis Cholowski and loses puck.
16:20 of 1st period - Shot by Paul Thompson.
16:20 of 1st period - Stopped by Christopher Gibson without a rebound.
16:21 of 1st period - Oskar Steen wins face-off versus Riley Sheahan in IceHogs zone.
16:24 of 1st period - Shot by Garrett Wilson.
16:24 of 1st period - Shot Blocked by Cameron Gaunce .
16:26 of 1st period - Shot by Garrett Wilson.
16:26 of 1st period - Shot Misses the Net.
16:34 of 1st period - Shot by Garrett Wilson.
16:34 of 1st period - Stopped by Christopher Gibson with a rebound.
16:41 of 1st period - William Bitten is hit by Erik Cernak and loses puck.
16:46 of 1st period - Shot by Garrett Wilson.
16:46 of 1st period - Shot Misses the Net.
16:48 of 1st period - Shot by Garrett Wilson.
16:48 of 1st period - Stopped by Christopher Gibson with a rebound.
16:54 of 1st period - Shot by William Bitten.
16:54 of 1st period - Shot Misses the Net.
17:40 of 1st period - Shot by Brandon Hickey.
17:40 of 1st period - Shot Misses the Net.
19:02 of 1st period - Minor Penalty to Dennis Cholowski for Interference.
19:02 of 1st period - Minor Penalty to Joseph Cramarossa for Roughing.
19:03 of 1st period - Jean-Sébastien Dea wins face-off versus Oskar Steen in IceHogs zone.
19:05 of 1st period - Icing by Erik Cernak.
19:06 of 1st period - Jean-Sébastien Dea wins face-off versus Oskar Steen in IceHogs zone.
19:06 of 1st period - Jean-Sébastien Dea is hit by Oskar Steen.
19:14 of 1st period - Shot by Danny O'Regan.
19:14 of 1st period - Shot Misses the Net.
19:42 of 1st period - Off-side.
19:43 of 1st period - Cedric Paquette wins face-off versus Oskar Steen in neutral zone.
19:52 of 1st period - Icing by Mike Reilly.
19:53 of 1st period - Jean-Sébastien Dea wins face-off versus Garrett Wilson in Admirals zone.
Goals for this period are 1 for Admirals vs 1 for IceHogs.
Shots for this period are 14 for Admirals vs 12 for IceHogs.

2nd period


0:01 of 2nd period - Garrett Wilson wins face-off versus Jean-Sébastien Dea in neutral zone.
0:03 of 2nd period - Cam Dineen is hit by Jean-Sébastien Dea and loses puck.
0:08 of 2nd period - Shot by Mike Reilly.
0:08 of 2nd period - Deflect By Oskar Steen.
0:08 of 2nd period - Goal by Oskar Steen - Admirals : 2 - IceHogs : 1.
0:09 of 2nd period - Jean-Sébastien Dea wins face-off versus Oskar Steen in neutral zone.
0:40 of 2nd period - Shot by Danny O'Regan.
0:40 of 2nd period - Shot Misses the Net.
1:17 of 2nd period - Icing by Colton Sceviour.
1:18 of 2nd period - Riley Sheahan wins face-off versus Kevin Stenlund in IceHogs zone.
1:18 of 2nd period - Riley Sheahan is hit by Kevin Stenlund.
1:34 of 2nd period - Shot by David Kampf.
1:34 of 2nd period - Shot Misses the Net.
1:36 of 2nd period - Shot by David Kampf.
1:36 of 2nd period - Shot Misses the Net.
1:38 of 2nd period - Shot by Kevin Stenlund.
1:38 of 2nd period - Stopped by Christopher Gibson without a rebound.
1:39 of 2nd period - Garrett Pilon wins face-off versus Mikhail Vorobyov in IceHogs zone.
1:40 of 2nd period - Shot by Joseph Cramarossa.
1:40 of 2nd period - Shot Misses the Net.
1:42 of 2nd period - Shot by Joseph Cramarossa.
1:42 of 2nd period - Shot Misses the Net.
1:44 of 2nd period - Shot by Jeremy Roy.
1:44 of 2nd period - Stopped by Christopher Gibson without a rebound.
1:45 of 2nd period - Garrett Pilon wins face-off versus Jean-Sébastien Dea in IceHogs zone.
2:01 of 2nd period - Off-side.
2:02 of 2nd period - Riley Sheahan wins face-off versus Oskar Steen in neutral zone.
2:10 of 2nd period - Icing by Garrett Wilson.
2:11 of 2nd period - Oskar Steen wins face-off versus Jean-Sébastien Dea in Admirals zone.
4:01 of 2nd period - Icing by Kristians Rubins.
4:02 of 2nd period - Mikhail Vorobyov wins face-off versus Kevin Stenlund in Admirals zone.
4:06 of 2nd period - Icing by Guillaume Brisebois.
4:07 of 2nd period - Kevin Stenlund wins face-off versus Brendan Gaunce in Admirals zone.
4:07 of 2nd period - CJ Suess is hit by Brendan Gaunce and loses puck.
4:43 of 2nd period - Minor Penalty to Brendan Gaunce for Tripping.
4:44 of 2nd period - Oskar Steen wins face-off versus Jean-Sébastien Dea in IceHogs zone.
4:56 of 2nd period - Shot by Garrett Wilson.
4:56 of 2nd period - Shot Blocked by Brandon Hickey.
4:58 of 2nd period - Shot by Oskar Steen.
4:58 of 2nd period - Deflect By William Bitten.
4:58 of 2nd period - Shot Misses the Net.
5:00 of 2nd period - Shot by Oskar Steen.
5:00 of 2nd period - Shot Misses the Net.
5:02 of 2nd period - Shot by William Bitten.
5:02 of 2nd period - Shot Misses the Net.
5:04 of 2nd period - Shot by Cam Dineen.
5:04 of 2nd period - Goal by Cam Dineen - Admirals : 3 - IceHogs : 1.
5:05 of 2nd period - Garrett Pilon wins face-off versus Riley Sheahan in neutral zone.
5:27 of 2nd period - Shot by Riley Sheahan.
5:27 of 2nd period - Shot Misses the Net.
5:29 of 2nd period - Shot by Charles Hudon.
5:29 of 2nd period - Goal by Charles Hudon - Admirals : 3 - IceHogs : 2.
5:30 of 2nd period - Mikhail Vorobyov wins face-off versus Oskar Steen in neutral zone.
5:39 of 2nd period - Shot by Danny O'Regan.
5:39 of 2nd period - Stopped by Michael McNiven with a rebound.
5:43 of 2nd period - Shot by Mikhail Vorobyov.
5:43 of 2nd period - Shot Blocked by Mike Reilly.
5:45 of 2nd period - Shot by Zack O'Brien.
5:45 of 2nd period - Deflect By Mikhail Vorobyov.
5:45 of 2nd period - Goal by Mikhail Vorobyov - Admirals : 3 - IceHogs : 3.
5:46 of 2nd period - David Kampf wins face-off versus Colton Sceviour in neutral zone.
5:55 of 2nd period - Shot by Kevin Stenlund.
5:55 of 2nd period - Shot Misses the Net.
6:01 of 2nd period - Shot by David Kampf.
6:01 of 2nd period - Stopped by Christopher Gibson with a rebound.
6:03 of 2nd period - Shot by David Kampf.
6:03 of 2nd period - Shot Misses the Net.
6:05 of 2nd period - Shot by CJ Suess.
6:05 of 2nd period - Shot Blocked by Brandon Hickey.
6:52 of 2nd period - Shot by Cedric Paquette.
6:52 of 2nd period - Shot Blocked by Garrett Wilson.
6:54 of 2nd period - Shot by Danny O'Regan.
6:54 of 2nd period - Stopped by Michael McNiven without a rebound.
6:55 of 2nd period - Brendan Gaunce wins face-off versus Joseph Cramarossa in Admirals zone.
7:04 of 2nd period - Shot by Andrew Sturtz.
7:04 of 2nd period - Shot Blocked by Paul Thompson.
7:06 of 2nd period - Shot by Brendan Gaunce.
7:06 of 2nd period - Stopped by Michael McNiven without a rebound.
7:07 of 2nd period - Mikhail Vorobyov wins face-off versus Oskar Steen in Admirals zone.
7:07 of 2nd period - Minor Penalty to Mike Reilly for Cross-checking.
7:08 of 2nd period - Oskar Steen wins face-off versus Jean-Sébastien Dea in Admirals zone.
7:37 of 2nd period - Shot by Jean-Sébastien Dea.
7:37 of 2nd period - Shot Blocked by Guillaume Brisebois.
7:39 of 2nd period - Shot by Cameron Gaunce .
7:39 of 2nd period - Shot Hit the Post.
7:41 of 2nd period - Shot by Cedric Paquette.
7:41 of 2nd period - Shot Blocked by Guillaume Brisebois.
8:08 of 2nd period - Off-side.
8:09 of 2nd period - Riley Sheahan wins face-off versus William Bitten in neutral zone.
8:43 of 2nd period - Charles Hudon is hit by Cam Dineen and loses puck.
9:03 of 2nd period - Off-side.
9:04 of 2nd period - William Bitten wins face-off versus Jean-Sébastien Dea in neutral zone.
9:51 of 2nd period - Mikhail Vorobyov is hit by CJ Suess and loses puck.
10:19 of 2nd period - Andrew Sturtz is hit by Mike Reilly and loses puck.
10:42 of 2nd period - Shot by Brendan Gaunce.
10:42 of 2nd period - Goal by Brendan Gaunce - Admirals : 3 - IceHogs : 4.
10:43 of 2nd period - Oskar Steen wins face-off versus Riley Sheahan in neutral zone.
10:49 of 2nd period - William Bitten is hit by Brandon Hickey and loses puck.
10:54 of 2nd period - Shot by Oskar Steen.
10:54 of 2nd period - Shot Hit the Post.
11:01 of 2nd period - Oskar Steen is hit by Brandon Hickey and loses puck.
11:14 of 2nd period - Minor Penalty to Charles Hudon for Cross-checking.
11:15 of 2nd period - Danny O'Regan wins face-off versus Kevin Stenlund in IceHogs zone.
12:12 of 2nd period - Shot by Mike Reilly.
12:12 of 2nd period - Stopped by Christopher Gibson without a rebound.
12:13 of 2nd period - Cedric Paquette wins face-off versus Oskar Steen in IceHogs zone.
12:22 of 2nd period - Shot by Garrett Wilson.
12:22 of 2nd period - Stopped by Christopher Gibson without a rebound.
12:23 of 2nd period - Oskar Steen wins face-off versus Jean-Sébastien Dea in IceHogs zone.
12:46 of 2nd period - Riley Sheahan is hit by Garrett Wilson.
12:50 of 2nd period - Shot by Mike Reilly.
12:50 of 2nd period - Stopped by Christopher Gibson without a rebound.
12:51 of 2nd period - Cedric Paquette wins face-off versus Kevin Stenlund in IceHogs zone.
13:26 of 2nd period - Shot by Paul Thompson.
13:26 of 2nd period - Stopped by Christopher Gibson without a rebound.
13:27 of 2nd period - Brendan Gaunce wins face-off versus Garrett Pilon in IceHogs zone.
13:27 of 2nd period - Brendan Gaunce is hit by Paul Thompson.
14:24 of 2nd period - Shot by William Bitten.
14:24 of 2nd period - Stopped by Christopher Gibson without a rebound.
14:25 of 2nd period - Kevin Stenlund wins face-off versus Riley Sheahan in IceHogs zone.
14:36 of 2nd period - Shot by Riley Sheahan.
14:36 of 2nd period - Shot Misses the Net.
14:38 of 2nd period - Shot by Charles Hudon.
14:38 of 2nd period - Stopped by Michael McNiven with a rebound.
14:40 of 2nd period - Shot by Colton Sceviour.
14:40 of 2nd period - Stopped by Michael McNiven without a rebound.
14:41 of 2nd period - Mikhail Vorobyov wins face-off versus Oskar Steen in Admirals zone.
14:48 of 2nd period - Shot by Nick Ebert.
14:48 of 2nd period - Deflect By William Bitten.
14:48 of 2nd period - Shot Misses the Net.
14:50 of 2nd period - Shot by Jeremy Roy.
14:50 of 2nd period - Deflect By William Bitten.
14:50 of 2nd period - Shot Misses the Net.
14:52 of 2nd period - Shot by Garrett Wilson.
14:52 of 2nd period - Shot Misses the Net.
15:02 of 2nd period - Shot by Garrett Wilson.
15:02 of 2nd period - Shot Misses the Net.
15:04 of 2nd period - Shot by Jeremy Roy.
15:04 of 2nd period - Shot Blocked by Frederic Allard.
15:06 of 2nd period - Shot by Garrett Wilson.
15:06 of 2nd period - Shot Blocked by Mikhail Vorobyov.
15:08 of 2nd period - Shot by Garrett Wilson.
15:08 of 2nd period - Stopped by Christopher Gibson without a rebound.
15:09 of 2nd period - Riley Sheahan wins face-off versus Kevin Stenlund in IceHogs zone.
15:11 of 2nd period - Minor Penalty to Kevin Stenlund for Tripping.
15:12 of 2nd period - Riley Sheahan wins face-off versus Oskar Steen in Admirals zone.
15:35 of 2nd period - Shot by Oskar Steen.
15:35 of 2nd period - Shot Blocked by Riley Sheahan.
15:38 of 2nd period - Icing by Erik Cernak.
15:39 of 2nd period - Oskar Steen wins face-off versus Riley Sheahan in IceHogs zone.
15:42 of 2nd period - Shot by Oskar Steen.
15:42 of 2nd period - Stopped by Christopher Gibson without a rebound.
15:43 of 2nd period - Oskar Steen wins face-off versus Jean-Sébastien Dea in IceHogs zone.
15:46 of 2nd period - Shot by Mike Reilly.
15:46 of 2nd period - Shot Misses the Net.
15:59 of 2nd period - Icing by Dennis Cholowski.
16:00 of 2nd period - Cedric Paquette wins face-off versus William Bitten in IceHogs zone.
16:02 of 2nd period - Icing by Jean-Sébastien Dea.
16:03 of 2nd period - Jean-Sébastien Dea wins face-off versus Oskar Steen in IceHogs zone.
16:38 of 2nd period - Shot by Jean-Sébastien Dea.
16:38 of 2nd period - Shot Misses the Net.
17:44 of 2nd period - Shot by CJ Suess.
17:44 of 2nd period - Stopped by Christopher Gibson without a rebound.
17:44 of 2nd period - Minor Penalty to Jack Dougherty for High sticking.
17:44 of 2nd period - Minor Penalty to David Kampf for Tripping.
17:45 of 2nd period - Jean-Sébastien Dea wins face-off versus Oskar Steen in IceHogs zone.
17:50 of 2nd period - Shot by Jean-Sébastien Dea.
17:50 of 2nd period - Shot Misses the Net.
17:56 of 2nd period - Shot by Jean-Sébastien Dea.
17:56 of 2nd period - Stopped by Michael McNiven with a rebound.
17:58 of 2nd period - Shot by Jean-Sébastien Dea.
17:58 of 2nd period - Stopped by Michael McNiven with a rebound.
18:06 of 2nd period - Shot by Jean-Sébastien Dea.
18:06 of 2nd period - Stopped by Michael McNiven without a rebound.
18:07 of 2nd period - William Bitten wins face-off versus Cedric Paquette in Admirals zone.
18:07 of 2nd period - William Bitten is hit by Riley Sheahan.
Goals for this period are 2 for Admirals vs 3 for IceHogs.
Shots for this period are 13 for Admirals vs 11 for IceHogs.

3rd period


0:01 of 3rd period - Oskar Steen wins face-off versus Jean-Sébastien Dea in neutral zone.
1:12 of 3rd period - Shot by Riley Sheahan.
1:12 of 3rd period - Stopped by Michael McNiven with a rebound.
1:14 of 3rd period - Shot by Charles Hudon.
1:14 of 3rd period - Shot Blocked by Cam Dineen.
1:16 of 3rd period - Shot by Colton Sceviour.
1:16 of 3rd period - Shot Misses the Net.
3:53 of 3rd period - Shot by Colton Sceviour.
3:53 of 3rd period - Shot Misses the Net.
4:20 of 3rd period - Shot by Zack O'Brien.
4:20 of 3rd period - Stopped by Michael McNiven without a rebound.
4:21 of 3rd period - Oskar Steen wins face-off versus Mikhail Vorobyov in Admirals zone.
4:21 of 3rd period - Oskar Steen is hit by Zack O'Brien.
4:29 of 3rd period - Danny O'Regan is hit by Garrett Wilson and loses puck.
5:54 of 3rd period - Icing by Jeremy Roy.
5:55 of 3rd period - Brendan Gaunce wins face-off versus Joseph Cramarossa in Admirals zone.
6:19 of 3rd period - Garrett Pilon is hit by Brendan Gaunce and loses puck.
7:18 of 3rd period - Shot by William Bitten.
7:18 of 3rd period - Shot Misses the Net.
7:30 of 3rd period - Shot by William Bitten.
7:30 of 3rd period - Stopped by Christopher Gibson with a rebound.
7:32 of 3rd period - Shot by Cam Dineen.
7:32 of 3rd period - Stopped by Christopher Gibson without a rebound.
7:33 of 3rd period - Riley Sheahan wins face-off versus Kevin Stenlund in IceHogs zone.
7:46 of 3rd period - Icing by Cam Dineen.
7:47 of 3rd period - Riley Sheahan wins face-off versus Kevin Stenlund in Admirals zone.
8:27 of 3rd period - Shot by Garrett Wilson.
8:27 of 3rd period - Shot Blocked by Erik Cernak.
8:29 of 3rd period - Shot by Oskar Steen.
8:29 of 3rd period - Shot Misses the Net.
9:02 of 3rd period - Shot by Jean-Sébastien Dea.
9:02 of 3rd period - Stopped by Michael McNiven without a rebound.
9:03 of 3rd period - Paul Thompson wins face-off versus Brendan Gaunce in Admirals zone.
10:36 of 3rd period - Shot by Kevin Stenlund.
10:36 of 3rd period - Deflect By CJ Suess.
10:36 of 3rd period - Stopped by Christopher Gibson without a rebound.
10:37 of 3rd period - William Bitten wins face-off versus Riley Sheahan in IceHogs zone.
11:21 of 3rd period - Shot by David Kampf.
11:21 of 3rd period - Stopped by Christopher Gibson without a rebound.
11:22 of 3rd period - Jean-Sébastien Dea wins face-off versus Paul Thompson in IceHogs zone.
11:22 of 3rd period - Jean-Sébastien Dea is hit by Joseph Cramarossa.
13:22 of 3rd period - Icing by Guillaume Brisebois.
13:23 of 3rd period - Riley Sheahan wins face-off versus Oskar Steen in Admirals zone.
13:23 of 3rd period - Charles Hudon is hit by Kristians Rubins and loses puck.
13:32 of 3rd period - Oskar Steen is hit by Charles Hudon.
13:44 of 3rd period - Charles Hudon is hit by Garrett Wilson and loses puck.
13:55 of 3rd period - Shot by Colton Sceviour.
13:55 of 3rd period - Stopped by Michael McNiven without a rebound.
13:56 of 3rd period - Garrett Pilon wins face-off versus Jean-Sébastien Dea in Admirals zone.
13:56 of 3rd period - Garrett Pilon is hit by Jean-Sébastien Dea.
14:18 of 3rd period - Shot by Jean-Sébastien Dea.
14:18 of 3rd period - Shot Misses the Net.
14:20 of 3rd period - Shot by Frederic Allard.
14:20 of 3rd period - Shot Blocked by Mike Reilly.
14:30 of 3rd period - Shot by Cedric Paquette.
14:30 of 3rd period - Shot Blocked by Mike Reilly.
14:32 of 3rd period - Shot by Jean-Sébastien Dea.
14:32 of 3rd period - Shot Misses the Net.
14:34 of 3rd period - Shot by Danny O'Regan.
14:34 of 3rd period - Stopped by Michael McNiven without a rebound.
14:35 of 3rd period - Kevin Stenlund wins face-off versus Riley Sheahan in Admirals zone.
14:46 of 3rd period - Shot by Charles Hudon.
14:46 of 3rd period - Shot Misses the Net.
14:53 of 3rd period - Charles Hudon is hit by Nick Ebert and loses puck.
15:37 of 3rd period - CJ Suess is hit by Zack O'Brien and loses puck.
15:44 of 3rd period - Shot by Zack O'Brien.
15:44 of 3rd period - Stopped by Michael McNiven without a rebound.
15:45 of 3rd period - Brendan Gaunce wins face-off versus Oskar Steen in Admirals zone.
16:13 of 3rd period - Icing by Frederic Allard.
16:14 of 3rd period - Brendan Gaunce wins face-off versus Garrett Pilon in IceHogs zone.
16:14 of 3rd period - Brendan Gaunce is hit by Paul Thompson.
16:56 of 3rd period - Shot by Charles Hudon.
16:56 of 3rd period - Shot Misses the Net.
16:58 of 3rd period - Shot by Charles Hudon.
16:58 of 3rd period - Shot Misses the Net.
17:12 of 3rd period - Shot by Colton Sceviour.
17:12 of 3rd period - Stopped by Michael McNiven without a rebound.
17:13 of 3rd period - Mikhail Vorobyov wins face-off versus Oskar Steen in Admirals zone.
17:28 of 3rd period - Shot by Zack O'Brien.
17:28 of 3rd period - Stopped by Michael McNiven without a rebound.
17:29 of 3rd period - Jean-Sébastien Dea wins face-off versus Kevin Stenlund in Admirals zone.
17:30 of 3rd period - Shot by Danny O'Regan.
17:30 of 3rd period - Shot Misses the Net.
17:32 of 3rd period - Shot by Cedric Paquette.
17:32 of 3rd period - Stopped by Michael McNiven with a rebound.
17:34 of 3rd period - Shot by Danny O'Regan.
17:34 of 3rd period - Shot Misses the Net.
17:36 of 3rd period - Shot by Cameron Gaunce .
17:36 of 3rd period - Shot Blocked by CJ Suess.
17:38 of 3rd period - Shot by Danny O'Regan.
17:38 of 3rd period - Shot Misses the Net.
17:40 of 3rd period - Shot by Cedric Paquette.
17:40 of 3rd period - Deflect By Jean-Sébastien Dea.
17:40 of 3rd period - Stopped by Michael McNiven without a rebound.
17:41 of 3rd period - Oskar Steen wins face-off versus Charles Hudon in Admirals zone.
17:41 of 3rd period - William Bitten is hit by Colton Sceviour and loses puck.
18:05 of 3rd period - Dennis Cholowski is hit by Mike Reilly and loses puck.
18:16 of 3rd period - Shot by Riley Sheahan.
18:16 of 3rd period - Stopped by Michael McNiven without a rebound.
18:17 of 3rd period - Kevin Stenlund wins face-off versus Jean-Sébastien Dea in Admirals zone.
18:27 of 3rd period - Icing by Erik Cernak.
18:28 of 3rd period - Garrett Pilon wins face-off versus Cedric Paquette in IceHogs zone.
19:01 of 3rd period - Admirals, Michael McNiven is pulled from the net.
19:03 of 3rd period - Shot by Paul Thompson.
19:03 of 3rd period - Stopped by Christopher Gibson without a rebound.
19:04 of 3rd period - Oskar Steen wins face-off versus Jean-Sébastien Dea in IceHogs zone.
19:26 of 3rd period - Shot by Cedric Paquette.
19:26 of 3rd period - Shot Misses the Net.
19:28 of 3rd period - Shot by Cameron Gaunce .
19:28 of 3rd period - Shot Misses the Net.
19:30 of 3rd period - Shot by Cedric Paquette.
19:30 of 3rd period - Deflect By Danny O'Regan.
19:30 of 3rd period - Goal by Danny O'Regan - Admirals : 3 - IceHogs : 5.
19:30 of 3rd period - Michael McNiven from Admirals was sent back in the game.
19:31 of 3rd period - Kevin Stenlund wins face-off versus Riley Sheahan in neutral zone.
19:49 of 3rd period - Shot by Charles Hudon.
19:49 of 3rd period - Shot Misses the Net.
Goals for this period are 0 for Admirals vs 1 for IceHogs.
Shots for this period are 5 for Admirals vs 12 for IceHogs.